 Dungeon Crawl Stone Soup version 0.24.0-37-gcf1ca852f1 (webtiles) character file.

Game seed: 13744002969586179254, levelgen mode: deterministic

8574 PentaManta the Fighter (level 11, 0/71 HPs)
             Began as a Gargoyle Fighter on Dec 6, 2019.
             Was an Initiate of Gozag.
             Slain by a 13-headed hydra (9 damage)
             ... on level 10 of the Dungeon.
             The game lasted 00:28:35 (8278 turns).

PentaManta the Fighter (Gargoyle Fighter)           Turns: 8278, Time: 00:28:36

Health: 0/71       AC: 29    Str: 25      XL:     11   Next: 33%
Magic:  11/11      EV: 13    Int:  6 (7)  God:    Gozag
Gold:   1447       SH:  0    Dex:  9      Spells: 10/10 levels left

rFire    . . .     SeeInvis .   M - +6 war axe "Ykhluqot" {freeze, rElec rPois Stlth+}
rCold    . . .     Gourm    .   (no shield)
rNeg     + . .     Faith    .   D - +5 chain mail of Experimentation {Str+2}
rPois    ∞         Spirit   .   (no helmet)
rElec    +         Reflect  .   u - +0 cloak
rCorr    .         Harm     .   I - +0 pair of gloves (curse)
MR       .....                  J - +1 pair of boots
Stlth    ..........             t - amulet of regeneration
HPRegen  0.61/turn              G - ring "Sorheong" {rElec rPois Int-2 Slay+3 Stlth-}
MPRegen  0.12/turn              e - +2 ring of evasion

@: gold aura, slightly contaminated, studying Evocations
A: deterioration 1, negative energy resistance 1, electricity resistance,
unbreathing, petrification resistance, rot immunity, AC +8
a: Potion Petition, Call Merchant, Bribe Branch, Renounce Religion


You were on level 10 of the Dungeon.
You worshipped Gozag.
Gozag was most pleased with you.
You were not hungry.

You visited 2 branches of the dungeon, and saw 11 of its levels.

You collected 1471 gold pieces.
You paid 24 gold pieces to Gozag.

Inventory:

Hand Weapons
 n - a +1 flail
 p - a +1 war axe of chopping
 K - the +11 battleaxe of Salesmamm {speed, *Contam MP+9 Int+4 Stlth+}
   (You found it on level 9 of the Dungeon)

   Attacks with this weapon are significantly faster.
   It affects your intelligence (+4).
   It affects your magic capacity (+9).
   It causes magical contamination when unequipped.
   It makes you more stealthy.
 M - the +6 war axe "Ykhluqot" (weapon) {freeze, rElec rPois Stlth+}
   (You found it on level 9 of the Dungeon)

   It has been specially enchanted to freeze those struck by it, causing extra
   injury to most foes and up to half again as much damage against particularly
   susceptible opponents.
   It can also slow down cold-blooded creatures.
   It insulates you from electricity.
   It protects you from poison.
   It makes you more stealthy.
Armour
 u - a +0 cloak (worn)
 C - a +3 plate armour of cold resistance
 D - the +5 chain mail of Experimentation (worn) {Str+2}
   (You found it on level 9 of the Dungeon)

   It affects your strength (+2).
 I - a cursed +0 pair of gloves (worn)
 J - a +1 pair of boots (worn)
Jewellery
 e - a +2 ring of evasion (right hand)
 k - an uncursed ring of flight
 q - an uncursed amulet of guardian spirit
 t - an amulet of regeneration (around neck)
 y - a +5 ring of strength
 F - an uncursed ring of positive energy
 G - the ring "Sorheong" (left hand) {rElec rPois Int-2 Slay+3 Stlth-}
   (You found it on level 7 of the Dungeon)

   [ring of attention]

   It affects your intelligence (-2).
   It affects your accuracy and damage with ranged weapons and melee attacks
   (+3).
   It insulates you from electricity.
   It protects you from poison.
   It makes you less stealthy.
Wands
 i - a wand of iceblast (16)
 j - a wand of disintegration (28)
 z - a wand of enslavement (7)
 E - a wand of clouds (3)
Scrolls
 b - a scroll of enchant weapon
 g - 2 scrolls of remove curse
 h - 9 scrolls of teleportation
 o - a scroll of amnesia
 r - 3 scrolls of noise {unknown}
 s - 4 scrolls of identify
 x - a scroll of fog
Potions
 c - a potion of brilliance {unknown}
 d - a potion of might
 l - a potion of magic
 m - a potion of invisibility
 v - 2 potions of degeneration
 w - a potion of lignification
 A - a potion of berserk rage
 B - 3 potions of mutation
 L - 2 potions of flight
Books
 a - a manual of Evocations
Comestibles
 f - 9 rations


   Skills:
 + Level 9.3 Fighting
 * Level 2.0(5.0) Axes
 - Level 7.8(8.0) Maces & Flails
 + Level 9.1 Armour
 + Level 6.3 Dodging
   Level 8.9 Shields


You had 10 spell levels left.
You didn't know any spells.
Your spell library contained the following spells:

 Spells                   Type           Power        Failure   Level  Hunger
 Animate Skeleton         Necr           N/A          95%         1    ##.....
 Magic Dart               Conj           #...         95%         1    ##.....
 Pain                     Necr           #...         95%         1    ##.....
 Blink                    Tloc           N/A          98%         2    ###....
 Call Imp                 Summ           #.......     98%         2    ###....
 Slow                     Hex            #.......     98%         2    ###....
 Conjure Flame            Conj/Fire      #.......     100%        3    ####...
 Mephitic Cloud           Conj/Pois/Air  #.......     100%        3    ####...
 Regeneration             Chrm/Necr      #.........   100%        3    ####...
 Vampiric Draining        Necr           #.........   100%        3    ####...
 Animate Dead             Necr           N/A          100%        4    #####..
 Bolt of Draining         Conj/Necr      #.........   100%        5    ######.
 Invisibility             Hex            #.......     100%        6    #######
 Sublimation of Blood     Necr           Unusable     N/A         2    N/A

Dungeon Overview and Level Annotations

Branches:
Dungeon (10/15)            Temple (1/1) D:7            Lair (0/6) D:8
    Orc: D:9-12

Altars:
Ashenzari
Cheibriados
Dithmenos
Elyvilon
Fedhas
Gozag
Hepliaklqana
Kikubaaqudgha
Makhleb
Nemelex Xobeh
Okawaru
Qazlal
Ru
Sif Muna
Trog
Uskayaw
Vehumet
Wu Jian
Xom
Yredelemnul
Zin
The Shining One

Annotations:
D:9 2 runed translucent doors


Innate Abilities, Weirdness & Mutations

You are resistant to torment.
Your stone body is resilient. (AC +8)
You are immune to poison.
You resist negative energy. (rN+)
You are resistant to electric shocks. (rElec)
You can survive without breathing.
You are immune to petrification.
You are immune to rotting.
Your body sometimes deteriorates upon taking damage.


Message History

The 12-headed hydra bites you but does no damage. x3
You hack one of the 12-headed hydra's heads off!
The 11-headed hydra grows two more!
You slice the 13-headed hydra!! You freeze the 13-headed hydra!
The 13-headed hydra is almost dead.
You completely miss the scorpion. The scorpion closely misses you.
The 13-headed hydra bites you but does no damage.
The 13-headed hydra completely misses you.
The 13-headed hydra bites you but does no damage.
The 13-headed hydra bites you. x2; The 13-headed hydra bites you!
* * * LOW HITPOINT WARNING * * *
The 13-headed hydra closely misses you. The 13-headed hydra bites you!
* * * LOW HITPOINT WARNING * * *
Your body deteriorates!
You feel dopey.
The 13-headed hydra bites you but does no damage. x2
The 13-headed hydra barely misses you.
The 13-headed hydra bites you but does no damage.
The 13-headed hydra bites you!
You die...
Your body crumbles into a pile of gold.

....... ........
........ ##
........ ##.#
........# ...##
.........#....#
........#.$...#
.......#$##...#
.........
#...D@$....##
.........
#....s###...#
..F.....###.....
......
......W.#......
.....
#....$......W.
.....
#............
..#.
#............
###
#...<........
#...........


You could see a 13-headed hydra, a wraith and a scorpion.

Vanquished Creatures
  Erica (D:7)
  Maurice (D:9)
  Psyche (D:8)
  Joseph (D:8)
  A gargoyle (D:9)
  A centaur skeleton (D:10)
  A troll (D:9)
  Grinder (D:4)
  2 hippogriffs (D:9)
  A shadow (D:9)
  A human (D:7)
  4 hogs (D:7)
  Eustachio (D:6)
  Grum (D:9)
  A steam dragon (D:10)
  2 ice beasts
  3 orc warriors
  5 sky beasts
  A phantom (D:5)
  A necrophage (D:9)
  3 wolves (D:9)
  4 ogres
  3 centaurs
  A crocodile (D:8)
  A big kobold (D:8)
  5 bullfrogs
  A scorpion (D:10)
  3 electric eels (D:7)
  4 wights
  2 howler monkeys
  6 crimson imps
  A bullfrog zombie (D:6)
  3 jellies
  A centaur zombie (D:6)
  7 hounds
  A quasit (D:8)
  2 bullfrog skeletons
  4 orc priests
  Crazy Yiuf (D:4)
  An iguana (D:7)
  12 orc wizards
  Natasha (thrice) (D:3)
  9 worker ants
  A killer bee zombie (D:5)
  A hound skeleton (D:5)
  A howler monkey zombie (D:8)
  2 worker ant zombies
  A gnoll (D:1)
  7 adders
  2 oozes
  An adder skeleton (D:9)
  An adder zombie (D:5)
  2 worms (D:2)
  2 leopard geckos (D:2)
  18 orcs
  10 bats
  2 giant cockroaches
  11 goblins
  5 hobgoblins
  3 quokkas
  3 frilled lizards (D:3)
  9 kobolds
  3 leopard gecko skeletons
  A leopard gecko zombie (D:7)
  2 quokka skeletons
  8 rats
205 creatures vanquished.

Notes
Turn   | Place    | Note
-------+----------+-------------------------------------------
     0 | D:1      | PentaManta the Gargoyle Fighter began the quest for the
                  | Orb.
     0 | D:1      | Reached XP level 1. HP: 14/14 MP: 1/1
   112 | D:1      | Reached XP level 2. HP: 17/19 MP: 2/2
   487 | D:1      | Reached XP level 3. HP: 23/23 MP: 3/3
   689 | D:2      | Found a stormy altar of Qazlal.
   690 | D:2      | Noticed an earth elemental
   692 | D:2      | Noticed a water elemental
   692 | D:2      | Noticed an air elemental
   692 | D:2      | Noticed a fire elemental
   749 | D:2      | Reached skill level 1 in Dodging
  1101 | D:2      | Reached XP level 4. HP: 29/29 MP: 4/4
  1699 | D:3      | Found an ornate altar of the Wu Jian Council.
  1863 | D:3      | Reached XP level 5. HP: 33/33 MP: 5/5
  2187 | D:3      | Noticed Natasha
  2196 | D:3      | Killed Natasha
  2204 | D:3      | Noticed Natasha
  2217 | D:3      | Killed Natasha
  2414 | D:3      | Found an opulent altar of Gozag.
  2415 | D:3      | Noticed Natasha
  2432 | D:3      | Killed Natasha
  2432 | D:3      | Reached XP level 6. HP: 34/39 MP: 6/6
  2447 | D:3      | Became a worshipper of Gozag Ym Sagoz the Greedy
  2517 | D:4      | Noticed Grinder
  2526 | D:4      | Killed Grinder
  2526 | D:4      | Reached XP level 7. HP: 44/44 MP: 7/7
  2788 | D:4      | Reached skill level 5 in Fighting
  2788 | D:4      | Reached skill level 5 in Armour
  2788 | D:4      | Reached skill level 5 in Shields
  3061 | D:4      | Found a runed translucent door.
  3062 | D:4      | Noticed Crazy Yiuf
  3187 | D:4      | Killed Crazy Yiuf
  3320 | D:5      | Entered Level 5 of the Dungeon
  3663 | D:5      | Reached XP level 8. HP: 50/50 MP: 8/8
  3975 | D:6      | Found an ornate altar of the Wu Jian Council.
  4176 | D:7      | Reached skill level 5 in Maces & Flails
  4459 | D:7      | Reached XP level 9. HP: 54/56 MP: 9/9
  4528 | D:7      | Got a brightly glowing silver ring
  4563 | D:7      | Found a staircase to the Ecumenical Temple.
  4581 | Temple   | Entered the Ecumenical Temple
  5149 | D:7      | Identified the ring "Sorheong" {rElec rPois Int-2 Slay+3
                  | Stlth-} (You found it on level 7 of the Dungeon)
  5219 | D:8      | Noticed Erica
  5527 | D:6      | Found a blossoming altar of Fedhas.
  5548 | D:6      | Found a shimmering altar of Xom.
  5548 | D:6      | Found a shimmering altar of Xom.
  5548 | D:6      | Found a shimmering altar of Xom.
  5549 | D:6      | Found a shimmering altar of Xom.
  5685 | D:6      | Noticed Eustachio
  5708 | D:6      | Killed Eustachio
  6048 | D:6      | Found a shimmering altar of Xom.
  6210 | D:7      | Killed Erica
  6210 | D:7      | Reached skill level 5 in Dodging
  6210 | D:7      | Reached XP level 10. HP: 44/64 MP: 10/10
  6414 | D:8      | Noticed Joseph
  6482 | D:8      | Killed Joseph
  6618 | D:8      | Found a staircase to the Lair.
  6671 | D:8      | Noticed Psyche
  6706 | D:8      | Killed Psyche
  6884 | D:9      | Noticed Maurice
  6941 | D:9      | Paralysed by something for 2 turns
  6954 | D:9      | Paralysed by something for 6 turns
  6987 | D:9      | Paralysed by something for 5 turns
  7164 | D:9      | Paralysed by Maurice for 4 turns
  7174 | D:9      | Paralysed by Maurice for 4 turns
  7231 | D:9      | Killed Maurice
  7313 | D:9      | Noticed Grum
  7326 | D:9      | Killed Grum
  7367 | D:9      | Reached XP level 11. HP: 69/69 MP: 11/11
  7388 | D:9      | Got a slimy chain mail
  7400 | D:9      | Identified the +5 chain mail of Experimentation {Str+2}
                  | (You found it on level 9 of the Dungeon)
  7549 | D:9      | Found a large runed translucent door.
  7549 | D:9      | Found a large runed translucent door.
  7611 | D:9      | Got an iridescent battleaxe
  7617 | D:9      | Identified the +11 battleaxe of Salesmamm {speed, *Contam
                  | MP+9 Int+4 Stlth+} (You found it on level 9 of the Dungeon)
  7656 | D:9      | Found a large runed translucent door.
  7656 | D:9      | Found a large runed translucent door.
  7715 | D:9      | Identified the Catalogue of Enthralling Sinister Rites
  7726 | D:9      | Got a shimmering war axe
  7728 | D:9      | Identified the +6 war axe "Ykhluqot" {freeze, rElec rPois
                  | Stlth+} (You found it on level 9 of the Dungeon)
  7757 | D:9      | Gained mutation: Your body sometimes deteriorates upon
                  | taking damage. [mutagenic glow]
  7840 | D:9      | Reached skill level 1 in Axes
  8058 | D:10     | Entered Level 10 of the Dungeon
  8058 | D:10     | Noticed a seven-headed hydra
  8278 | D:10     | Slain by a 13-headed hydra

Levels and vault maps discovered:
D:1:      mrwooster_arrival_statue, layout_rooms
D:2:      layout_loops_ring, nicolae_qazlal_style_of_elements
D:3:      layout_rooms, lemuel_round_altar, lemuel_doored_altar,
          minmay_misc_feat_room, grunt_ministairs_12, kennysheep_big_empty_room,
          hangedman_feature_mirror, hangedman_feature_mirror, uniq_natasha
D:4:      layout_basic, minivault_1, uniq_crazy_yiuf_cottage, uniq_grinder
D:5:      layout_basic, first_ration
D:6:      layout_cave_pods, nicolae_overflow_crystal_walls, serial_column_ruins,
          column_ruins_pillar_1, column_ruins_pillar_12, column_ruins_pillar_3,
          column_ruins_pillar_11, column_ruins_pillar_2, column_ruins_pillar_3,
          column_ruins_pillar_4, column_ruins_pillar_9, column_ruins_pillar_4,
          column_ruins_pillar_7, column_ruins_pillar_1, basic_altar,
          xom_redecorated, uniq_eustachio
D:7:      layout_cave_pools, minmay_temple_entry_purple_smoke, grunt_livestock,
          grunt_ministairs_1, minmay_misc_feat_columns, water_maze_lemuel
D:8:      layout_rooms, lair_entry_dummy, uniq_joseph, uniq_psyche, uniq_erica
D:9:      layout_loops_ring, minmay_hollow_rounded_squares, uniq_grum,
          uniq_maurice
D:10:     layout_cave_pools
Temple:   hc_temple_tempest_star

Skill      XL: |  1  2  3  4  5  6  7  8  9 10 11 |
---------------+----------------------------------+-----
Dodging        | 1 2 3 4 5 6 |  6.3
Fighting       | 4 5 6 7 8 9 |  9.3
Armour         | 4 5 6 7 8 9 |  9.1
Shields        | 4 5 6 7 8 |  8.9
Maces & Flails | 3 4 5 6 7 |  7.8
Axes           | 2 |  2.0

Action                   |  1- 3 |  4- 6 |  7- 9 | 10-12 || total
-------------------------+-------+-------+-------+-------++-------
Melee: Short sword       |    16 |       |       |       ||    16
       Dagger            |    98 |   171 |   279 |    52 ||   600
       Flail             |     3 |     4 |   304 |   155 ||   466
       Whip              |       |       |    40 |   202 ||   242
       Battleaxe         |       |       |       |    34 ||    34
       War axe           |       |       |       |     6 ||     6
Evoke: Wand              |       |     2 |     1 |       ||     3
  Use: Scroll            |       |     8 |    10 |       ||    18
       Potion            |       |       |     8 |       ||     8
 Stab: Distracted        |       |       |     1 |       ||     1
  Eat: Chunk             |       |     6 |       |       ||     6
       Ration            |       |       |     4 |     2 ||     6
Armor: Scale mail        |    52 |    89 |   308 |   132 ||   581
       Chain mail        |       |       |       |    65 ||    65
Dodge: Dodged            |    35 |    58 |   317 |   173 ||   583
Block: Shield            |    44 |    86 |   339 |   129 ||   598
